 Dungeon Crawl Stone Soup version 0.31.0-11-ge490571c62 (webtiles) character file.

Game seed: 4169794944417427548

37 qw the Shooter (level 3, -2/18 HPs)
             Began as a Spriggan Hunter on Feb 4, 2024.
             Frozen to death by an endoplasm (3 damage)
             ... on level 2 of the Dungeon.
             The game lasted 00:00:02 (693 turns).

qw the Shooter (Spriggan Hunter)                     Turns: 693, Time: 00:00:03

Health: -2/18      AC:  2    Str:  7    XL:     3   Next: 21%
Magic:  4/4        EV: 19    Int: 10    God:
Gold:   61         SH:  0    Dex: 20    Spells: 2/2 levels left

rFire   . . .        a - +0 shortbow
rCold   . . .        (shield currently unavailable)
rNeg    . . .        c - +0 robe
rPois   .            (helmet restricted)
rElec   .            (no cloak)
rCorr   .            (gloves unavailable)
SInv    +            (boots unavailable)
Will    .....        (no amulet)
Stlth   ++           (no ring)
HPRegen 0.23/turn    (no ring)
MPRegen 0.09/turn

%: no passive effects
@: very quick
A: very small, no large weapons, unfitting armour, see invisible, speed 3
a: no special abilities


You were on level 2 of the Dungeon.
You visited 1 branch of the dungeon, and saw 2 of its levels.

You collected 61 gold pieces.


Innate Abilities, Weirdness & Mutations

You are very small and have problems with some larger weapons.
You are too small for most types of armour.
You have supernaturally acute eyesight. (SInv)
You cover ground extremely quickly. (Speed+++)


   Skills:
 - Level 1.5 Fighting
 + Level 4.6 Ranged Weapons
 - Level 4.0 Dodging
 - Level 1.5 Stealth


You had 2 spell levels left.
You didn't know any spells.
Your spell library was empty.

Inventory:

Hand Weapons
 a - a +0 shortbow (weapon)
Armour
 c - a +0 robe (worn)
Potions
 f - a potion of might

Dungeon Overview and Level Annotations

Branches:
Dungeon (2/15)

Altars:


Message History

The adder misses you.
You shoot an arrow. The arrow completely misses the adder.
You hear an angry hiss.
The adder barely misses you. x2
A ball python comes into view.
You shoot an arrow. The arrow barely misses the adder.
The adder bites you.
You are poisoned.
The adder poisons you!
You shoot an arrow. The arrow closely misses the adder.
The arrow hits the ball python.
The ball python is severely wounded.
You feel sick. The adder misses you. The endoplasm closely misses you.
The adder completely misses you.
You shoot an arrow. The arrow closely misses the adder.
The arrow barely misses the ball python.
You feel sick. The adder bites you. The endoplasm completely misses you.
You shoot an arrow. The arrow closely misses the adder.
The arrow hits the ball python but does no damage.
The ball python is severely wounded.
You feel sick.
A bat comes into view.
The endoplasm misses you. The adder bites you.
You shoot an arrow. The arrow closely misses the adder.
The arrow hits the ball python.
You kill the ball python!
You feel sick. The adder bites you. The endoplasm misses you.
The adder barely misses you. The endoplasm freezes you.
You are frozen.
You shoot an arrow. The arrow closely misses the adder.
You feel sick. The adder closely misses you. The endoplasm barely misses you.
You shoot an arrow. The arrow barely misses the adder.
The arrow hits the bat.
You kill the bat!
You feel sick.
You are no longer poisoned.
The adder barely misses you. x2
The endoplasm freezes you.
You are frozen.
You die...

.# ####.#.##. ###
#...<.... #..
+....... ##
#.####...... ..
#.#... .... %#
#.#..###..# ..#
#.#....##J#..$#+#
#.#..#...@S......
#....######......
####.# .....
#.#### ....
#.##<# ... #.##.#
## #.##.# #....#
######


You could see an adder and an endoplasm.

Vanquished Creatures
  2 dart slugs (D:1)
  5 endoplasms
  4 giant cockroaches (D:1)
  A goblin (D:1)
  4 hobgoblins (D:1)
  2 jackals (D:2)
  4 kobolds (D:1)
  2 ball pythons
  A bat (D:2)
  A frilled lizard (D:1)
  4 rats (D:1)
30 creatures vanquished.

Notes
Turn   | Place    | Note
-------+----------+-------------------------------------------
     0 | D:1      | qw the Spriggan Hunter began the quest for the Orb.
     0 | D:1      | Reached XP level 1. HP: 10/10 MP: 2/2
     0 | D:1      | 0 ||| qw: Version: 0.3-a-160-g6735b56
     0 | D:1      | 0 ||| qw: Game counter: 5138
     0 | D:1      | 0 ||| qw: Melee chars always use a shield: true
     0 | D:1      | 0 ||| qw: God list: Okawaru
     0 | D:1      | 0 ||| qw: Allow faded altars: false
     0 | D:1      | 0 ||| qw: Do Orc after clearing Dungeon:15 true
     0 | D:1      | 0 ||| qw: Do second Lair branch before Depths: true
     0 | D:1      | 0 ||| qw: Lair rune preference: random
     0 | D:1      | 0 ||| qw: Goals: Normal
     0 | D:1      | 0 ||| PLANNING D:1-11
    36 | D:1      | Reached skill level 3 in Dodging
    72 | D:1      | Reached XP level 2. HP: 13/14 MP: 3/3
   327 | D:1      | Reached XP level 3. HP: 18/18 MP: 4/4
   507 | D:1      | 507 ||| READING scroll labelled RUREDOF DYCAUM.
   508 | D:1      | 508 ||| READING scroll labelled UBBECSIMUA.
   508 | D:1      | 508 ||| IDENTIFYING coppery potion
   509 | D:1      | 509 ||| DRINKING 2 metallic red potions.
   614 | D:1      | 614 ||| DROPPING scroll of butterflies.
   615 | D:1      | 615 ||| DROPPING potion of berserk rage.
   691 | D:2      | HP: 4/18 [poisoned by an adder]
   692 | D:2      | HP: 1/18 [poisoned by an adder]
   693 | D:2      | Frozen to death by an endoplasm

Levels and vault maps discovered:
D:1:      amcnicky_arrival_wind_blow, layout_rooms, minmay_tiny_reverse_x
D:2:      layout_basic, kennysheep_jessica_study

Skill      XL: |  1  2 |
---------------+-------+-----
Dodging        | 3 4 |  4.0
Fighting       | |  1.5
Ranged Weapons | |  4.6
Stealth        | |  1.5

Action                     || total
---------------------------++-------
   Fire: Shortbow          ||    76
    Use: Scroll            ||     2
         Potion            ||     1
 Armour: Robe              ||     5
  Dodge: Dodged            ||    18

Table legend:
 A = Non-vault XP
 B = Vault XP
 C = Vault XP percentage of total XP
 D = Non-vault monster count
 E = Vault monster count
 F = Vault count percentage of total count
                 A         B        C        D         E       F
            +---------+---------+-------+---------+---------+-------
      Total |      51 |       3 |   5.6 |      28 |       2 |   6.7
            +---------+---------+-------+---------+---------+-------
        D:1 |      43 |       3 |   6.5 |      23 |       2 |   8.0
        D:2 |       8 |       0 |   0.0 |       5 |       0 |   0.0
            +---------+---------+-------+---------+---------+-------
